 Dungeon Crawl Stone Soup version 0.29-a0-334-gb41bcbb86e (console) character file.

Game seed: 12635351110182429864

1760 rzeia the Cruncher (level 9, -6/63 HPs)
             Began as a Formicid Wanderer on Apr 13, 2022.
             Was a Believer of Zin.
             Killed by vampiric draining
             ... invoked by a vampire
              (17 damage)
             ... on level 6 of the Dungeon.
             The game lasted 00:11:11 (6209 turns).

rzeia the Cruncher (Formicid Wanderer)              Turns: 6209, Time: 00:11:11

Health: -6/63      AC:  9    Str: 22    XL:     9   Next: 27%
Magic:  0/13       EV: 10    Int:  7    God:    Zin [**....]
Gold:   240        SH: 10    Dex: 14    Spells: 10/10 levels left

rFire   . . .      SeeInvis +   a - +3 quarterstaff (flame)
rCold   . . .      Faith    .   p - +2 kite shield
rNeg    . . .      Spirit   +   e - +0 leather armour
rPois   .          Reflect  .   (helmet unavailable)
rElec   .          Harm     .   b - +0 cloak
rCorr   .          Rampage  .   i - +2 pair of gloves
Will    .....                   c - +1 pair of boots
Stlth   ++........              s - amulet of guardian spirit
HPRegen 0.20/turn               (no ring)
MPRegen 0.13/turn               (no ring)

@: no status effects
A: permanent stasis, dig shafts and tunnels, antennae 3, four strong arms
a: Dig, Shaft Self, Renounce Religion, Recite, Vitalisation, Donate Gold


You were on level 6 of the Dungeon.
You worshipped Zin.
Zin was pleased with you.
You visited 1 branch of the dungeon, and saw 6 of its levels.
You also visited: Sewer.

You collected 266 gold pieces.
You donated 26 gold pieces to Zin.

Inventory:

Hand Weapons
 a - a +3 quarterstaff of flaming (weapon)
Missiles
 k - 9 poisoned darts
 q - 11 curare-tipped darts (quivered)
Armour
 b - a +0 cloak (worn)
 c - a +1 pair of boots (worn)
 e - a +0 leather armour (worn)
 i - a +2 pair of gloves (worn)
 p - a +2 kite shield (worn)
Jewellery
 s - an amulet of guardian spirit (around neck)
Scrolls
 d - a scroll of summoning
 f - a scroll of enchant armour
 l - a scroll of brand weapon
Potions
 g - 3 potions of curing
 h - 2 potions of ambrosia
 m - 3 potions of heal wounds
 n - 2 potions of resistance
 o - 2 potions of attraction
 r - a potion of magic {unknown}
 u - a potion of might
 v - 5 potions of flight


   Skills:
 - Level 3.0 Fighting
 - Level 1.0(5.9) Maces & Flails
 + Level 9.4 Staves
 - Level 3.0 Throwing
 - Level 1.1 Armour
 - Level 1.0 Dodging
 - Level 2.4 Stealth
 + Level 2.5 Shields
 - Level 1.1 Spellcasting
 + Level 5.9 Invocations


You had 10 spell levels left.
You didn't know any spells.
Your spell library contained the following spells:

 Spells                   Type           Power      Damage    Failure   Level
 Shock                    Conj/Air       0%         1d3       75%         1
 Corpse Rot               Necr/Air       0%         N/A       87%         2
 Tukima's Dance           Hex            0%         N/A       98%         3
 Airstrike                Air            0%         N/A       100%        4
 Dispel Undead            Necr           0%         3d6       100%        4
 Passage of Golubria      Tloc           0%         N/A       100%        4
 Yara's Violent Unravell  Hex/Tmut       0%         3d3       100%        5
 Death Channel            Necr           0%         N/A       100%        6
 Swiftness                Air            Unusable   N/A       N/A         3

Dungeon Overview and Level Annotations

Branches:
Dungeon (6/15)              Sewer (visited)
 Temple: D:4-7

Altars:
Nemelex Xobeh
Ru
Wu Jian
Yredelemnul
Zin


Innate Abilities, Weirdness & Mutations

You cannot be hasted, slowed, berserked, paralysed or teleported.
You can dig through walls and to a lower floor.
You have a pair of large antennae on your head. (SInv)
Your four strong arms can wield two-handed weapons with a shield.


Message History

* * * LOW HITPOINT WARNING * * *
You block the vampire's attack.
You hit the vampire but do no damage.
The vampire is almost destroyed.
The vampire draws life force from you.
* * * LOW HITPOINT WARNING * * *
The vampire is healed by the life force!
You aren't carrying any items that you can evoke.
Unknown command.
The vampire attacks as you move away! The vampire closely misses you.
You block the vampire's attack.
The vampire casts a spell.
The vampire flickers and vanishes for a moment.
You aren't carrying any items that you can evoke.
Unknown command.
Activating: Recite (0% risk of failure)
Press: ? - help, Dir - look around, f - activate You clear your throat and prepare to recite. "For those who would enter Zin's holy bosom..." "...and live in piety, Zin provideth.
Such is..." "...the covenant, and such is the way of things."
You finish reciting Anathema 22:49.
You see here a +0 quarterstaff.
You closely miss the vampire.
The vampire is almost destroyed.
You block the vampire's attack. The vampire closely misses you.
You hit the vampire but do no damage.
The vampire is almost destroyed.
You are ready to recite again.
You block the vampire's attack. The vampire bites you!
* * * LOW HITPOINT WARNING * * *
The vampire draws strength from your injuries!
The vampire attacks as you move away! The vampire hits you!
* * * LOW HITPOINT WARNING * * *
You block the vampire's attack. The vampire attacks as you move away!
The vampire barely misses you. You block the vampire's attack.
Okay, then.
You feel better. The vampire draws life force from you!!
You die...

..###.####.....(# #.
#..#...........## #.
..#...########.#################.
#.#.### ##.#.................
..#.# #.......############. #.#.
#..#.##.# #. #.# #..#.##.#
#######. #.# #.......# #.......
#.##@#..# #.###### ######.##V#..#
#.# # #.....)......######.#
.#.####.###......#........#
......#.#..........#####..#
#......#.......#.## #..#
###.#..........#.# #..# ..
#>...........# #!.#
#.#.#..........#.# #..##


You could see a vampire (invisible).

Vanquished Creatures
  Grinder (D:4)
  A water moccasin (D:5)
  2 ogres
  A phantom (D:4)
  A kobold brigand (Sewer)
  A gnoll sergeant (D:5)
  A bullfrog (D:6)
  3 scorpions
  2 necrophages
  4 wights (D:4)
  4 killer bees (D:4)
  2 hounds
  3 iguanas
  Robin (D:2)
  3 gnolls (D:6)
  6 adders
  A river rat (Sewer)
  A shadow imp (D:5)
  An ufetubus (D:4)
  A worm (D:2)
  4 dart slugs
  5 orcs (D:4)
  10 endoplasms
  8 giant cockroaches
  16 goblins
  10 hobgoblins
  6 quokkas
  5 ball pythons
  6 bats
  2 frilled lizards
  6 kobolds
  10 rats
128 creatures vanquished.

Notes
Turn   | Place    | Note
-------+----------+-------------------------------------------
     0 | D:1      | rzeia the Formicid Wanderer began the quest for the Orb.
     0 | D:1      | rzeia set off with the following items: a +2 quarterstaff,
                  | a +0 mace, a +0 pair of boots, a scroll of summoning, a +0
                  | leather armour
     0 | D:1      | Reached XP level 1. HP: 15/15 MP: 2/2
   266 | D:1      | Reached XP level 2. HP: 21/21 MP: 3/3
   856 | D:2      | Reached XP level 3. HP: 24/27 MP: 4/4
  1306 | D:2      | Noticed Robin
  1326 | D:2      | Killed Robin
  1327 | D:2      | Reached XP level 4. HP: 34/34 MP: 5/5
  1340 | D:2      | Reached skill level 4 in Staves
  1830 | D:3      | Noticed a necrophage
  1844 | D:3      | Killed a necrophage
  1845 | D:3      | Reached skill level 5 in Staves
  1845 | D:3      | Reached XP level 5. HP: 37/41 MP: 6/6
  2778 | D:4      | Noticed a phantom
  2781 | D:4      | Killed a phantom
  2782 | D:4      | Reached skill level 6 in Staves
  2782 | D:4      | Reached XP level 6. HP: 47/47 MP: 7/7
  2986 | D:4      | Noticed Grinder
  3432 | D:4      | Reached skill level 7 in Staves
  3432 | D:4      | Reached XP level 7. HP: 48/52 MP: 8/8
  3450 | D:4      | Killed Grinder
  3615 | D:4      | Found a sparkling altar of Nemelex Xobeh.
  3619 | D:4      | Found an ornate altar of the Wu Jian Council.
  3624 | D:4      | Found a glowing silver altar of Zin.
  3628 | D:4      | Became a worshipper of Zin the Law-Giver
  3628 | D:4      | Reached * piety under Zin
  3671 | D:4      | Reached skill level 8 in Staves
  3671 | D:4      | Reached skill level 1 in Invocations
  3701 | D:4      | Reached XP level 8. HP: 14/58 MP: 4/9
  4138 | D:4      | Reached skill level 1 in Throwing
  4559 | D:5      | Entered Level 5 of the Dungeon
  4559 | D:5      | Found a sacrificial altar of Ru.
  4559 | D:5      | Found a basalt altar of Yredelemnul.
  4577 | D:5      | Found the +12 glaive of Prune {vorpal}
  4687 | D:5      | Found a glowing drain.
  4711 | Sewer    | Entered a sewer
  4810 | Sewer    | Found a white marble altar of Elyvilon.
  5303 | D:5      | Reached skill level 9 in Staves
  5603 | D:6      | Reached XP level 9. HP: 51/63 MP: 9/12
  5884 | D:5      | Reached skill level 5 in Invocations
  6010 | D:6      | Reached skill level 1 in Shields
  6170 | D:6      | Reached ** piety under Zin
  6209 | D:6      | Killed from afar by a vampire

Illustrated notes

Levels and vault maps discovered:
D:1:      tarquinn_simple_flora_water_e, layout_loops_cross
D:2:      layout_loops_ring, kennysheep_generic_room_4, uniq_crazy_yiuf_cottage,
          uniq_robin
D:3:      layout_loops_ring
D:4:      layout_loops_ring, grunt_temple_overflow_diamond, uniq_grinder
D:5:      layout_loops_corners, grunt_temple_overflow_open, gup_sewer_entry_pipe
D:6:      layout_loops_ring, doesnt_shop_hydraphobe

Skill      XL: |  1  2  3  4  5  6  7  8  9 |
---------------+----------------------------+-----
Fighting       | 2 3 |  3.0
Staves         | 5 6 7 8 9 |  9.4
Invocations    | 2 4 5 |  5.9
Throwing       | 3 |  3.0
Shields        | 2 |  2.5
Maces & Flails | |  1.0
Armour         | |  1.1
Dodging        | |  1.0
Stealth        | |  2.4
Spellcasting   | |  1.1

Action                   |  1- 3 |  4- 6 |  7- 9 || total
-------------------------+-------+-------+-------++-------
Melee: Quarterstaff      |    76 |   125 |   150 ||   351
       Punch             |       |     1 |     1 ||     2
Throw: Dart              |       |       |     4 ||     4
Invok: Recite            |       |       |     1 ||     1
  Use: Scroll            |       |    10 |     6 ||    16
       Potion            |       |       |     2 ||     2
 Stab: Sleeping          |     2 |     6 |     4 ||    12
       Distracted        |       |     2 |       ||     2
Armor: Leather armour    |    23 |    31 |    42 ||    96
Dodge: Dodged            |    52 |    60 |    66 ||   178
Block: Kite shield       |       |       |    14 ||    14

Table legend: (Time is in decaauts)
 A = Elapsed time spent in this place.
 B = Non-inter-level travel time spent in this place.
 C = Inter-level travel time spent in this place.
 D = Time resting spent in this place.
 E = Time spent auto-exploring this place.
 F = Levels seen in this place.
 G = Mean time per level.
                   A        B        C        D        E       F      G
               +--------+--------+--------+--------+--------+-----+--------+
         Total |   6238 |   6020 |    218 |   1703 |   3079 |   7 |  891.1 |
       Dungeon |   6080 |   5862 |    218 |   1703 |   2968 |   6 | 1013.3 |
         Sewer |    157 |    157 |      0 |      0 |    110 |   1 |  157.0 |
               +--------+--------+--------+--------+--------+-----+--------+

Top non-repeatable levels by time:
     D:4: 1962 daAuts
     D:5: 1183 daAuts
     D:2: 901 daAuts
     D:3: 862 daAuts
     D:1: 842 daAuts
     D:6: 328 daAuts
   Sewer: 157 daAuts
